 Dungeon Crawl Stone Soup version 0.26-a0-830-g2a559e7be2 (webtiles) character file.

Game seed: 18029260759404856959

123 Morbidden the Slasher (level 4, -2/34 HPs)
             Began as a Demonspawn Gladiator on Nov 15, 2020.
             Slain by Grinder (3 damage)
             ... on level 3 of the Dungeon.
             The game lasted 00:01:26 (1744 turns).

Morbidden the Slasher (Demonspawn Gladiator)        Turns: 1744, Time: 00:01:27

Health: -2/34      AC:  6    Str: 14    XL:     4   Next: 80%
Magic:  4/4        EV: 10    Int: 11    God:
Gold:   98         SH:  0    Dex: 14    Spells: 3/3 levels left

rFire    . . .     SeeInvis .   (no weapon)
rCold    . . .     Faith    .   (no shield)
rNeg     . . .     Spirit   .   e - +0 scale mail (curse)
rPois    .         Reflect  .   (helmet restricted)
rElec    .         Harm     .   (no cloak)
rCorr    .         Rampage  .   (no gloves)
MR       .....                  (no boots)
Stlth    ..........             (no amulet)
HPRegen  0.11/turn              m - +4 ring of slaying
MPRegen  0.09/turn              (no ring)

@: no status effects
A: antennae 1, talons 1
a: no special abilities


You were on level 3 of the Dungeon.
You visited 1 branch of the dungeon, and saw 3 of its levels.

You collected 98 gold pieces.

Inventory:

Missiles
 d - 3 throwing nets (quivered)
Armour
 e - a cursed +0 scale mail (worn)
Jewellery
 m - a +4 ring of slaying (left hand)
Wands
 l - a wand of iceblast (6)
Scrolls
 b - 2 scrolls of identify {unknown}
 f - 2 scrolls of remove curse {unknown}
 j - 2 scrolls of teleportation {unknown}
 k - 2 scrolls of magic mapping {unknown}
Potions
 g - 3 potions of degeneration {unknown}
 h - a potion of brilliance {unknown}
 i - a potion of magic {unknown}
 n - a potion of heal wounds {unknown}
 o - a potion of flight {unknown}
 p - a potion of berserk rage {unknown}


   Skills:
 * Level 2.5 Fighting
   Level 4.2 Long Blades
 + Level 2.1 Throwing
 + Level 0.6 Armour
 + Level 3.1 Dodging


You had 3 spell levels left.
You didn't know any spells.
Your spell library was empty.

Dungeon Overview and Level Annotations

Branches:
Dungeon (3/15)

Altars:
Ashenzari
Wu Jian

Annotations:
D:3 Grinder


Innate Abilities, Weirdness & Mutations

You have a pair of small antennae on your head.
You have sharp toenails.


Message History

Unknown command.
You closely miss Grinder. You claw Grinder.
Grinder is moderately wounded.
The rat barely misses you.
Grinder blinks!
The goblin hits you.
You hit the rat.
You kill the rat!
The goblin closely misses you.
Unknown command.
You hit the goblin. You claw the goblin.
You kill the goblin!
Grinder gestures at you.
You barely resist.
Grinder says, "You look like you could use a good racking."
Grinder closely misses you. Grinder hits you!
You writhe in agony.
* * * LOW HITPOINT WARNING * * *
Grinder hits you.
* * * LOW HITPOINT WARNING * * *
You writhe in agony.
You die...

........#
........#####
............#
........###.##
.......†# #..#
.....(..#
##.## .#
......†.#
#..##.#
......5.#
##.##.#
.......@#
#..#.#
........#
##.#.#
........#
#.#.#
........#
#...#
........#
##..#
........# #..#
........# #.>#
........# ##.#
#.#


You could see Grinder.

Vanquished Creatures
  Terence (D:2)
  4 adders (D:2)
  2 worms (D:2)
  A dart slug (D:1)
  3 leopard geckos
  7 bats
  4 giant cockroaches
  9 goblins
  6 hobgoblins
  2 frilled lizards (D:1)
  7 kobolds (D:1)
  5 rats
51 creatures vanquished.

Notes
Turn   | Place    | Note
-------+----------+-------------------------------------------
     0 | D:1      | Morbidden the Demonspawn Gladiator began the quest for the
                  | Orb.
     0 | D:1      | Reached XP level 1. HP: 16/16 MP: 1/1
   210 | D:1      | Reached skill level 3 in Long Blades
   218 | D:1      | Gained mutation: You have sharp toenails. [demonic
                  | ancestry]
   218 | D:1      | Reached XP level 2. HP: 22/22 MP: 2/2
   395 | D:1      | Reached XP level 3. HP: 27/27 MP: 3/3
  1022 | D:2      | Gained mutation: You have a pair of small antennae on your
                  | head. [demonic ancestry]
  1022 | D:2      | Reached XP level 4. HP: 33/33 MP: 4/4
  1048 | D:2      | Reached skill level 4 in Long Blades
  1071 | D:2      | Found a broken altar of Ashenzari.
  1071 | D:2      | Noticed Terence
  1079 | D:2      | Killed Terence
  1670 | D:3      | Found an ornate altar of the Wu Jian Council.
  1729 | D:3      | Noticed Grinder
  1734 | D:3      | Paralysed by Grinder for 4 turns
  1744 | D:3      | HP: 1/34 [Grinder (5)]
  1744 | D:3      | Slain by Grinder

Illustrated notes

Levels and vault maps discovered:
D:1:      dpeg_arrival_chambers_temple_mockup, layout_basic, st_stairs_10,
          kennysheep_decorative_pillar, minmay_tetromino_o2
D:2:      kennysheep_six_static_rooms, layout_loops_ring, ashenzari_altar_1,
          uniq_terence
D:3:      layout_basic, general_overflow_altar, uniq_grinder

Skill      XL: |  1  2  3  4 |
---------------+-------------+-----
Long Blades    | 3 4 |  4.2
Throwing       | 2 |  2.1
Dodging        | 3 |  3.1
Fighting       | |  2.5
Armour         | |  0.6

Action                   |  1- 3 |  4- 6 || total
-------------------------+-------+-------++-------
Melee: Long sword        |    95 |    20 ||   115
       Kick              |    22 |     6 ||    28
       Unarmed           |       |     6 ||     6
 Stab: Distracted        |       |     1 ||     1
Armor: Leather armour    |     7 |       ||     7
       Scale mail        |    31 |    12 ||    43
Dodge: Dodged            |    58 |    13 ||    71
       Rpst.: Long sword |    23 |     2 ||    25

Table legend: (Time is in decaauts)
 A = Elapsed time spent in this place.
 B = Non-inter-level travel time spent in this place.
 C = Inter-level travel time spent in this place.
 D = Time resting spent in this place.
 E = Time spent auto-exploring this place.
 F = Levels seen in this place.
 G = Mean time per level.
                   A        B        C        D        E       F      G
               +--------+--------+--------+--------+--------+-----+--------+
         Total |   1770 |   1692 |     78 |      0 |   1397 |   3 |  590.0 |
       Dungeon |   1770 |   1692 |     78 |      0 |   1397 |   3 |  590.0 |
               +--------+--------+--------+--------+--------+-----+--------+

Top non-repeatable levels by time:
     D:1: 844 daAuts
     D:2: 831 daAuts
     D:3: 95 daAuts
